 Dungeon Crawl Stone Soup version 0.28.0-47-ge53b351184 (webtiles) character file.

Game seed: 12809442798187879781

3323 Allula97 the Covert (level 9, 0/66 HPs)
             Began as a Demonspawn Brigand on May 3, 2022.
             Slain by an orc warrior
             ... wielding a +0 broad axe
              (14 damage)
             ... in a bailey.
             The game lasted 00:21:41 (6705 turns).

Allula97 the Covert (Demonspawn Brigand)            Turns: 6705, Time: 00:21:42

Health: 0/66       AC: 11    Str: 12    XL:     9   Next: 71%
Magic:  14/14      EV: 12    Int: 13    God:
Gold:   540        SH:  0    Dex: 22    Spells: 15/15 levels left

rFire   . . .      SeeInvis .   A - +5 dagger (freeze)
rCold   . . .      Faith    .   (no shield)
rNeg    . . .      Spirit   .   i - +0 ring mail
rPois   +          Reflect  .   o - +0 helmet
rElec   .          Harm     .   c - +0 cloak
rCorr   .          Rampage  .   r - +2 pair of gloves {Stlth+}
Will    .....                   (no boots)
Stlth   ++++++....              (no amulet)
HPRegen 0.21/turn               j - ring of poison resistance
MPRegen 0.14/turn               (no ring)

@: hasted and slowed
A: thin skeletal structure 1, spiny 2, weakness stinger 2, agile 1
a: no special abilities


You were in a bailey.
You visited 1 branch of the dungeon, and saw 7 of its levels.
You also visited: Sewer and Bailey.

You collected 633 gold pieces.
You spent 93 gold pieces at shops.

Inventory:

Hand Weapons
 a - a +2 dagger
 b - a +2 vampiric dagger
 h - a +2 dagger of draining
 A - a +5 dagger of freezing (weapon)
Missiles
 d - 37 poisoned darts (quivered)
 e - 6 curare-tipped darts
 m - 4 datura-tipped darts
 y - 9 atropa-tipped darts
Armour
 c - a +0 cloak (worn)
 i - a +0 ring mail (worn)
 o - a +0 helmet (worn)
 r - a +2 pair of gloves of stealth (worn)
Jewellery
 j - a ring of poison resistance (left hand)
Wands
 s - a wand of polymorph (8)
 w - a wand of charming (5)
Scrolls
 k - 3 scrolls of teleportation
 l - 2 scrolls of noise
 t - a scroll of summoning {unknown}
 u - 3 scrolls of blinking
 z - a scroll of immolation
Potions
 f - a potion of flight
 g - a potion of curing
 p - a potion of ambrosia
 v - 2 potions of haste
 x - a potion of magic


   Skills:
 * Level 4.5 Fighting
 * Level 5.8 Short Blades
 - Level 1.7 Throwing
 + Level 3.5 Armour
 * Level 3.9 Dodging
 * Level 8.8 Stealth
 * Level 3.6 Spellcasting
 * Level 4.5 Necromancy


You had 15 spell levels left.
You didn't know any spells.
Your spell library contained the following spells:

 Spells                   Type           Power      Damage    Failure   Level
 Shock                    Conj/Air       8%         1d3       43%         1
 Swiftness                Air            2%         N/A       80%         3
 Airstrike                Air            1%         N/A       99%         4
 Conjure Ball Lightning   Conj/Air       1%         3x3d6     100%        6
 Discord                  Hex            1%         N/A       100%        8
 Disjunction              Tloc           1%         N/A       100%        8


Dungeon Overview and Level Annotations

Branches:
Dungeon (7/15)             Temple (0/1) D:7           Sewer (visited)
 Bailey (1/1)

Altars:
Ashenzari
Fedhas
Hepliaklqana
Kikubaaqudgha
Sif Muna
Vehumet
Xom

Shops:
D:1 [[**:


Innate Abilities, Weirdness & Mutations

You have a somewhat thin skeletal structure. (Dex +2, Stealth+)
You are mostly covered in sharp spines.
You have a tail ending in a sharp stinger.
You are agile. (Dex +2)


Message History

The kobold brigand throws a curare-tipped dart.
The curare-tipped dart hits you.
You have difficulty breathing.
You feel yourself slow down.
You hit the orc warrior. You freeze the orc warrior.
The orc warrior is moderately wounded.
The orc warrior is struck by your spines.
The orc warrior hits you with a +0 broad axe!
* * * LOW HITPOINT WARNING * * *
You feel better.
The kobold brigand hits you with a +0 war axe!
* * * LOW HITPOINT WARNING * * *
The orc warrior hits you with a +0 broad axe!
* * * LOW HITPOINT WARNING * * *
Okay, then.
Blink to where?
Press: ? - help, Dir - move target
As you read the scroll of blinking, it crumbles to dust.
The kobold brigand throws a curare-tipped dart.
The curare-tipped dart hits you.
You feel better.
The kobold brigand throws a curare-tipped dart.
The curare-tipped dart misses you.
You enter the shallow water.
Moving in this stuff is going to be slow.
The kobold brigand throws a curare-tipped dart.
The curare-tipped dart closely misses you.
The kobold brigand throws a curare-tipped dart.
The curare-tipped dart barely misses you.
You feel yourself speed up.
The kobold brigand throws a curare-tipped dart.
The curare-tipped dart hits you.
You have difficulty breathing.
* * * LOW HITPOINT WARNING * * *
You feel yourself slow down.
You feel better.
You hit the orc warrior. You freeze the orc warrior.
Your tail-slap misses the orc warrior.
The orc warrior is severely wounded.
The orc warrior is struck by your spines.
The orc warrior hits you with a +0 broad axe!
You die...

#)(.# ####.((####
##≈.....(.≈##
#####≈≈.......≈≈###
#....≈≈.......≈≈...
#.###≈≈.......≈≈###
#....≈≈.......≈≈...
#.###≈≈.......≈≈###
#.@..≈≈.......≈≈...
#o###≈≈.......≈≈###
#..o.≈≈.......≈≈...
#.###K≈.......≈≈###
#....≈≈.......≈≈...
#####≈≈.K.....≈≈###
##≈.K.....≈##
####K''####
##...).##


You could see an orc warrior.

Vanquished Creatures
  Grinder (D:3)
  Sigmund (D:5)
  A steam dragon (D:7)
  2 vampire mosquitoes (D:6)
  An acid dragon (D:6)
  6 orc warriors
  2 ogres
  2 phantoms
  6 kobold brigands
  4 scorpions
  A water moccasin skeleton (D:6)
  5 wights (D:6)
  A bullfrog zombie (D:7)
  A quasit (Sewer)
  2 hounds
  2 jellies (D:5)
  An orc priest (D:6)
  3 iguanas
  Ijyb (D:4)
  Natasha (thrice) (D:3)
  Robin (D:2)
  3 gnolls (D:2)
  5 adders
  6 shadow imps
  A white imp (D:5)
  4 ufetubi
  An adder skeleton (D:3)
  An adder zombie (D:5)
  2 worms (D:2)
  4 dart slugs
  8 orcs
  5 bats
  12 endoplasms
  4 giant cockroaches
  21 goblins
  13 hobgoblins
  4 jackals (D:5)
  7 quokkas
  8 ball pythons
  2 frilled lizards (D:1)
  30 kobolds
  2 rats (D:1)
190 creatures vanquished.

Notes
Turn   | Place    | Note
-------+----------+-------------------------------------------
     0 | D:1      | Allula97 the Demonspawn Brigand began the quest for the
                  | Orb.
     0 | D:1      | Reached XP level 1. HP: 16/16 MP: 1/1
   140 | D:1      | Found Jahysiri's Book Shoppe.
   203 | D:1      | Found Ottozast's General Store.
   211 | D:1      | Bought a scroll of identify for 22 gold pieces
   250 | D:1      | Reached skill level 1 in Dodging
   250 | D:1      | Reached skill level 4 in Stealth
   259 | D:1      | Found Pulin's General Store.
   262 | D:1      | Gained mutation: You have a small tail. [demonic ancestry]
   262 | D:1      | Reached XP level 2. HP: 17/21 MP: 2/2
   350 | D:1      | Found Misid's Armour Emporium.
   388 | D:1      | Found Verienut's Antique Armour Boutique.
   742 | D:2      | Reached XP level 3. HP: 24/27 MP: 3/3
   906 | D:2      | Gained mutation: You have a somewhat thin skeletal
                  | structure. (Dex +2, Stealth+) [demonic ancestry]
   906 | D:2      | Reached XP level 4. HP: 24/33 MP: 4/4
   935 | D:2      | Noticed Robin
   971 | D:2      | Reached skill level 1 in Necromancy
   981 | D:2      | Killed Robin
  1290 | D:2      | Reached XP level 5. HP: 24/39 MP: 5/5
  1293 | D:2      | Reached skill level 5 in Stealth
  1723 | D:3      | Noticed Natasha
  1724 | D:3      | Killed Natasha
  1740 | D:3      | Found an ancient bone altar of Kikubaaqudgha.
  1833 | D:3      | Found a faded altar of an unknown god.
  1853 | D:3      | Noticed Grinder
  1873 | D:3      | Killed Grinder
  1874 | D:3      | Reached skill level 1 in Armour
  1874 | D:3      | Reached skill level 1 in Spellcasting
  1874 | D:3      | Reached XP level 6. HP: 29/46 MP: 5/7
  2038 | D:3      | Found a blossoming altar of Fedhas.
  2216 | D:3      | Noticed Natasha
  2227 | D:3      | Killed Natasha
  2305 | D:3      | Noticed Natasha
  2314 | D:3      | Killed Natasha
  2540 | D:4      | Gained mutation: You are partially covered in sharp spines.
                  | [demonic ancestry]
  2540 | D:4      | Reached XP level 7. HP: 47/51 MP: 7/9
  2621 | D:1      | Bought a scroll of magic mapping for 38 gold pieces
  2621 | D:1      | Bought a potion of flight for 33 gold pieces
  3007 | D:4      | Found a shimmering altar of Xom.
  3056 | D:4      | Noticed Ijyb
  3070 | D:4      | Killed Ijyb
  3582 | D:5      | Entered Level 5 of the Dungeon
  3610 | D:5      | Found a glowing drain.
  3624 | Sewer    | Entered a sewer
  3718 | Sewer    | Found a burning altar of Makhleb.
  3737 | Sewer    | Reached skill level 6 in Stealth
  3938 | D:5      | Found a radiant altar of Vehumet.
  3991 | D:5      | Gained mutation: You have a tail ending in a sharp stinger.
                  | [demonic ancestry]
  3991 | D:5      | Reached XP level 8. HP: 58/58 MP: 11/11
  4307 | D:5      | Noticed Sigmund
  4316 | D:5      | Killed Sigmund
  4317 | D:5      | Reached skill level 7 in Stealth
  4560 | D:6      | Found a broken altar of Ashenzari.
  4632 | D:6      | HP: 1/51 [wight/+5 dagger of freezing (2)]
  4874 | D:6      | Reached skill level 5 in Short Blades
  4934 | D:6      | Gained mutation: You are mostly covered in sharp spines.
                  | [demonic ancestry]
  4934 | D:6      | Reached XP level 9. HP: 51/64 MP: 13/13
  5030 | D:6      | Reached skill level 8 in Stealth
  5122 | D:6      | Found a shimmering blue altar of Sif Muna.
  6219 | D:7      | Found a hazy altar of Hepliaklqana.
  6255 | D:7      | Found a flagged portal.
  6267 | Bailey   | Entered a bailey
  6659 | Bailey   | Gained mutation: You occasionally shout uncontrollably at
                  | your foes. [potion of mutation]
  6659 | Bailey   | Gained mutation: You tend to lose your temper in combat.
                  | [potion of mutation]
  6659 | Bailey   | Gained mutation: Your body sometimes deteriorates upon
                  | taking damage. [potion of mutation]
  6660 | Bailey   | Lost mutation: Your body sometimes deteriorates upon taking
                  | damage. [potion of mutation]
  6660 | Bailey   | Lost mutation: You occasionally shout uncontrollably at
                  | your foes. [potion of mutation]
  6660 | Bailey   | Lost mutation: You tend to lose your temper in combat.
                  | [potion of mutation]
  6660 | Bailey   | Gained mutation: You are agile. (Dex +2) [potion of
                  | mutation]
  6705 | Bailey   | Slain by an orc warrior

Illustrated notes

Levels and vault maps discovered:
D:1:      scummos_arrival_simple_crosswalls, layout_loops_ring, serial_shops,
          shop, shop, nicolae_diamond_shop, shop, nicolae_lakefront_shop
D:2:      layout_loops_ring, minmay_tromino_v7, uniq_robin
D:3:      layout_basic, nicolae_kikubaaqudgha_miasma_corner,
          mainiacjoe_overflow_alcove_4, basic_ecumenical_altar, uniq_natasha,
          uniq_grinder
D:4:      layout_basic, xom_teletrap_fun, uniq_ijyb
D:5:      layout_cave_pools, nicolae_vehumet_radiance, portal_sewer_entry_f,
          uniq_sigmund
D:6:      layout_layer_cave, lemuel_blue_sif_altar, evilmike_ruin_ashenzari
D:7:      layout_gridville, nicolae_hepliaklqana_hazy_memory,
          minmay_temple_entry_grid, enter_bailey_3
Bailey:   bailey_axe_3, bailey

Skill      XL: |  1  2  3  4  5  6  7  8  9 |
---------------+----------------------------+-----
Dodging        | 1 2 3 |  3.9
Stealth        | 4 5 6 7 8 |  8.8
Short Blades   | 2 3 4 5 |  5.8
Necromancy     | 1 2 3 4 |  4.5
Armour         | 1 2 3 |  3.5
Spellcasting   | 1 2 3 |  3.6
Fighting       | 3 4 |  4.5
Throwing       | |  1.7

Action                   |  1- 3 |  4- 6 |  7- 9 || total
-------------------------+-------+-------+-------++-------
Melee: Dagger            |    76 |   136 |   281 ||   493
       Tailslap          |     7 |    20 |    41 ||    68
       Punch             |     1 |     2 |     3 ||     6
       Unarmed           |       |     9 |       ||     9
Throw: Dart              |       |       |     2 ||     2
  Use: Scroll            |       |     2 |    12 ||    14
       Potion            |       |     1 |    14 ||    15
 Stab: Sleeping          |     5 |     9 |    28 ||    42
       Invisible         |       |     3 |       ||     3
       Distracted        |       |       |     2 ||     2
Armor: Robe              |     3 |       |       ||     3
       Ring mail         |    13 |    28 |    65 ||   106
Dodge: Dodged            |    32 |    50 |   123 ||   205
